 Dungeon Crawl Stone Soup version 0.23.2-40-g277498a (webtiles) character file.

Game seed: 16848401450524818004

67 Aphrodieselac the Charmwright (level 4, -4/33 HPs)
             Began as a Merfolk Skald on Oct 9, 2019.
             Killed from afar by an orc wizard (9 damage)
             ... with a magic dart
             ... on level 1 of the Dungeon.
             The game lasted 00:05:18 (1624 turns).

Aphrodieselac the Charmwright (Merfolk Skald)       Turns: 1624, Time: 00:05:19

Health: -4/33      AC:  3    Str: 11    XL:     4   Next: 16%
Magic:  6/7        EV: 12    Int: 13    God:
Gold:   37         SH:  0    Dex: 13    Spells: 4/7 levels left

rFire    . . .     SeeInvis .   a - +0 spear
rCold    . . .     Gourm    .   (no shield)
rNeg     . . .     Faith    .   b - +0 leather armour
rPois    .         Spirit   .   (no helmet)
rElec    .         Reflect  .   (no cloak)
rCorr    .         Harm     .   (no gloves)
MR       .....                  (no boots)
Stlth    +.........             (no amulet)
HPRegen  0.11/turn              (no ring)
MPRegen  0.10/turn              (no ring)

@: confused, singing
A: change form in water, swift swim, stealthy swim
a: no special abilities


You were on level 1 of the Dungeon.
You were not hungry.

You visited 1 branch of the dungeon, and saw 2 of its levels.

You collected 37 gold pieces.

Inventory:

Hand Weapons
 a - a +0 spear (weapon)
Missiles
 k - 25 poisoned needles
 l - 12 sling bullets
Armour
 b - a +0 leather armour (worn)
Scrolls
 g - 2 scrolls of identify {unknown}
 h - a scroll of remove curse {unknown}
 i - a scroll of magic mapping {unknown}
Potions
 c - a potion of resistance {unknown}
 e - a potion of curing {unknown}
 f - a potion of magic {unknown}
 j - a potion of berserk rage {unknown}
Comestibles
 d - 2 rations


   Skills:
 - Level 2.1 Fighting
 + Level 4.3 Polearms
 - Level 0.6 Armour
 - Level 2.6 Dodging
 - Level 2.0 Spellcasting
 * Level 4.8 Charms


You had 4 spell levels left.
You knew the following spells:

 Your Spells              Type           Power        Failure   Level  Hunger
a - Infusion              Chrm           ##..         4%          1    ##.....
b - Song of Slaying       Chrm           ##......     7%          2    ###....

Your spell library contained the following spells:

 Spells                   Type           Power        Failure   Level  Hunger
 Shroud of Golubria       Chrm/Tloc      #.........   19%         2    ###....
 Regeneration             Chrm/Necr      #.........   36%         3    ####...
 Spectral Weapon          Hex/Chrm       #.......     36%         3    ####...


Dungeon Overview and Level Annotations

Branches:
Dungeon (2/15)

Altars:


Message History

The orc priest is heavily wounded.
The orc wizard hits you with a +0 dagger.
The orc hits you but does no damage.
You closely miss the orc priest.
The orc priest is heavily wounded.
The orc priest barely misses you.
The orc wizard points at you and mumbles some strange words.
You are confused.
The orc hits you.
* * * LOW HITPOINT WARNING * * *
You bump into the closed door.
The orc priest hits you but does no damage.
The orc wizard gestures at you while chanting.
You are more confused.
The orc hits you.
* * * LOW HITPOINT WARNING * * *
You bump into the rock wall.
The orc priest barely misses you.
The orc wizard points at you and mumbles some strange words.
The magic dart hits you!
You die...

#.#.#.#.#.#......)...
#.#.#.#.#.#.#######..
#.#.#.#.#.#.......#.#
#.#...#...#.........#
#.#########.########.
#...).......# #...##.
#.##.#.#...## #...##.
#.##+#......###...##.
#.#.@.......'.'...'..
#.#ooo......###...#..
#.#.........# #...#..
#.#.........# #...#..
#.####......# #####.(
#.# #.######## #..
#.# #.##.....# #..
#.####.##.....#####..
#.......'.....+......


You could see an orc priest, an orc wizard and an orc.

Vanquished Creatures
  A gnoll (D:1)
  2 worms (D:2)
  2 leopard geckos
  4 bats
  2 giant cockroaches (D:1)
  10 goblins
  3 hobgoblins (D:1)
  6 jackals
  3 kobolds
  A quokka (D:2)
  A ball python (D:1)
  4 frilled lizards
  6 rats
45 creatures vanquished.

Notes
Turn   | Place    | Note
-------+----------+-------------------------------------------
     0 | D:1      | Aphrodieselac the Merfolk Skald began the quest for the
                  | Orb.
     0 | D:1      | Reached XP level 1. HP: 16/16 MP: 3/3
    95 | D:1      | Reached XP level 2. HP: 18/22 MP: 5/5
   599 | D:1      | Reached XP level 3. HP: 26/27 MP: 6/6
  1100 | D:2      | Learned a level 2 spell: Song of Slaying
  1346 | D:2      | Reached XP level 4. HP: 22/33 MP: 4/7
  1624 | D:1      | Killed from afar by an orc wizard

Skill      XL: |  1  2  3 |
---------------+----------+-----
Charms         | 4 |  4.8
Polearms       | 4 |  4.3
Fighting       | |  2.1
Armour         | |  0.6
Dodging        | |  2.6
Spellcasting   | |  2.0

Action                   |  1- 3 |  4- 6 || total
-------------------------+-------+-------++-------
Melee: Spear             |   149 |    31 ||   180
 Cast: Infusion          |     6 |     1 ||     7
       Song of Slaying   |     2 |     1 ||     3
 Stab: Sleeping          |     2 |       ||     2
  Eat: Chunk             |     2 |     1 ||     3
Armor: Leather armour    |    22 |     4 ||    26
Dodge: Dodged            |    48 |    13 ||    61
